 Dungeon Crawl Stone Soup version 0.21.1-1-g345015f (webtiles) character file.

2159 empire the Carver (level 9, -3/70 HPs)
             Began as a Minotaur Fighter on June 1, 2018.
             Was an Initiate of Cheibriados.
             Slain by an orc warrior
             ... wielding a +0 dire flail
              (15 damage)
             ... on level 7 of the Dungeon.
             The game lasted 00:12:27 (6590 turns).

empire the Carver (Minotaur Fighter)                Turns: 6590, Time: 00:12:27

Health: -3/70      AC:  8    Str: 24    XL:     9   Next: 10%
Magic:  8/8        EV: 10    Int:  6    God:    Cheibriados [......]
Gold:   288        SH: 10    Dex: 12    Spells: 8/8 levels left

rFire    . . .     SeeInvis .   a - +0 scimitar
rCold    . . .     Gourm    .   W - +0 shield
rNeg     . . .     Faith    .   Z - +0 scale mail
rPois    .         Spirit   .   (helmet restricted)
rElec    .         Reflect  .   (no cloak)
rCorr    .         Harm     .   (no gloves)
MR       +....                  (no boots)
Stlth    ..........             (no amulet)
HPRegen  0.21/turn              Q - ring of protection from magic
MPRegen  0.11/turn              (no ring)

@: very slightly contaminated, invisible, slow
A: retaliatory headbutt, horns 2
a: Bend Time, Renounce Religion


You were on level 7 of the Dungeon.
You worshipped Cheibriados.
Cheibriados was noncommittal.
You were hungry.

You visited 2 branches of the dungeon, and saw 8 of its levels.

You collected 288 gold pieces.

Inventory:

Hand Weapons
 a - a +0 scimitar (weapon)
 d - a +2 hand axe of freezing
 k - a +3 trident
 l - a cursed +4 war axe of freezing
 o - a cursed +4 hand axe
 B - a +2 long sword
 C - a cursed +4 long sword
Armour
 D - a +0 robe of cold resistance
 W - a +0 shield (worn)
 Z - a +0 scale mail (worn)
Jewellery
 Q - a ring of protection from magic (left hand)
Wands
 y - a wand of scattershot (6)
Scrolls
 e - 4 scrolls of fear {unknown}
 g - 2 scrolls of blinking {unknown}
 i - a scroll of enchant weapon {unknown}
 n - a scroll of fog {unknown}
 p - 7 scrolls of remove curse {unknown}
 q - 2 scrolls of random uselessness {unknown}
 w - a scroll of immolation {unknown}
 z - a scroll of magic mapping {unknown}
Potions
 m - a potion of flight
 r - 3 potions of mutation
 t - a potion of brilliance
 u - a potion of berserk rage
 v - 2 potions of cancellation
 x - a potion of resistance {unknown}
Comestibles
 f - 13 rations


   Skills:
 - Level 3.6 Fighting
 - Level 10.0 Long Blades
 + Level 9.7 Armour
 + Level 4.9 Dodging
 - Level 3.6 Shields


You had 8 spell levels left.
You didn't know any spells.

Dungeon Overview and Level Annotations

Branches:
Dungeon (7/15)             Temple (1/1) D:5

Altars:
Ashenzari
Cheibriados
Dithmenos
Elyvilon
Fedhas
Gozag
Hepliaklqana
Kikubaaqudgha
Makhleb
Nemelex Xobeh
Okawaru
Qazlal
Ru
Sif Muna
Trog
Uskayaw
Vehumet
Wu Jian
Xom
Yredelemnul
Zin
The Shining One

Shops:
D:7 [[

Annotations:
D:7 Menkaure


Innate Abilities, Weirdness & Mutations

You reflexively headbutt those who attack you in melee.
You have a pair of horns on your head.


Message History

The bullfrog is almost dead.
The bullfrog hits you but does no damage.
The orc warrior hits you with a dire flail!!
* * * LOW HITPOINT WARNING * * *
Unknown command.
The bullfrog hits you but does no damage.
You fade into invisibility!
You block the bullfrog's attack. The bullfrog barely misses you.
You furiously retaliate!
You headbutt the bullfrog!
You kill the bullfrog!
Cheibriados appreciates the change of pace.
Your life force feels restored.
Training target 10.0 for Long Blades reached!
Your Long Blades skill increases to level 10!
You are very lightly contaminated with residual magic.
You feel better. The orc warrior barely misses you.
You are feeling hungry.
You closely miss the orc warrior. Your headbutt misses the orc warrior.
The orc warrior hits you with a dire flail!
You die...

...#.....##.#. .# #.
...#.....##...#.# #.
[).#.....#......# # #.
...#.....#......#.#...
8.##.....#......#.....
..####.###..........M%
8## #.# #............
...# #.###...))#########
...# #.........o@......#
...# ###.####.####.###.#
...###.#.##.....##...#.#
.......#.#.......#...#∩#
.........#.......#...#.#
............._.......#.#
###
.........#...(...#...#.#
....#
.........#.......#...#.#
#.#.#
.........##.....##...#.#
#.#.#


You could see an orc warrior.

Vanquished Creatures
  The ghost of Jaiteiro the Chiller, an amateur DEIE (D:5)
  Eustachio (D:6)
  2 ice beasts
  A sky beast (D:7)
  4 centaurs
  An ogre (D:4)
  2 bullfrogs
  A scorpion (D:4)
  A howler monkey (D:5)
  14 wights
  A crimson imp (D:7)
  A bullfrog skeleton (D:7)
  An orc wizard (D:5)
  5 worker ants
  A killer bee zombie (D:6)
  A hound zombie (D:6)
  A howler monkey zombie (D:7)
  A howler monkey skeleton (D:5)
  6 adders
  An adder skeleton (D:4)
  A worm (D:4)
  4 dart slugs
  6 leopard geckos
  8 orcs
  4 giant cockroaches
  6 hobgoblins
  6 jackals
  4 quokkas
  A ball python (D:1)
  8 bats
  5 frilled lizards
  5 goblins
  A jackal zombie (D:7)
  10 kobolds
  5 rats
  A bush (D:3)
122 creatures vanquished.

Notes
Turn   | Place    | Note
-------+----------+-------------------------------------------
     0 | D:1      | empire the Minotaur Fighter began the quest for the Orb.
     0 | D:1      | Reached XP level 1. HP: 19/19 MP: 0/0
    49 | D:1      | Reached skill level 3 in Long Blades
   141 | D:1      | Reached XP level 2. HP: 17/26 MP: 1/1
   176 | D:1      | Reached skill level 4 in Long Blades
   269 | D:1      | Reached XP level 3. HP: 14/31 MP: 2/2
  1016 | D:2      | Found a basalt altar of Yredelemnul.
  1460 | D:3      | Reached XP level 4. HP: 38/39 MP: 3/3
  1556 | D:3      | Found a sparkling altar of Nemelex Xobeh.
  1838 | D:4      | Reached skill level 5 in Long Blades
  2090 | D:4      | Reached skill level 5 in Armour
  2090 | D:4      | Reached XP level 5. HP: 36/45 MP: 4/4
  2461 | D:4      | Noticed an ogre
  2466 | D:4      | Killed an ogre
  2466 | D:4      | Reached skill level 6 in Long Blades
  2505 | D:4      | Noticed a centaur
  2516 | D:4      | Killed a centaur
  2516 | D:4      | Reached XP level 6. HP: 30/51 MP: 5/5
  2763 | D:5      | Entered Level 5 of the Dungeon
  2794 | D:5      | Found a hazy altar of Hepliaklqana.
  2959 | D:5      | Found a staircase to the Ecumenical Temple.
  3123 | D:5      | Reached skill level 7 in Long Blades
  3336 | D:5      | Reached XP level 7. HP: 52/57 MP: 6/6
  3864 | D:5      | Found a blossoming altar of Fedhas.
  3921 | D:5      | Noticed Jaiteiro's ghost (amateur DEIE)
  3943 | D:5      | Killed Jaiteiro's ghost
  4344 | D:6      | Reached skill level 8 in Long Blades
  4563 | D:6      | Noticed Eustachio
  4945 | D:6      | Reached skill level 1 in Dodging
  5063 | D:6      | Reached XP level 8. HP: 54/64 MP: 7/7
  5069 | D:6      | Found a deep blue altar of Sif Muna.
  5141 | D:6      | Killed Eustachio
  5181 | D:6      | Reached skill level 9 in Long Blades
  5433 | Temple   | Entered the Ecumenical Temple
  6310 | D:7      | Found Xedd's Antique Armour Emporium.
  6329 | D:7      | Found a stormy altar of Qazlal.
  6393 | D:7      | Found a glowing silver altar of Zin.
  6393 | D:7      | Found a glowing golden altar of the Shining One.
  6393 | D:7      | Found a white marble altar of Elyvilon.
  6454 | D:7      | Reached XP level 9. HP: 70/70 MP: 8/8
  6469 | D:7      | Found a snail-covered altar of Cheibriados.
  6493 | D:7      | Became a worshipper of Cheibriados the Contemplative
  6505 | D:7      | Found Daklel's Antique Armour Boutique.
  6584 | D:7      | Noticed Menkaure
  6587 | D:7      | Reached skill level 10 in Long Blades
  6590 | D:7      | Slain by an orc warrior

Skill      XL: |  1  2  3  4  5  6  7  8  9 |
---------------+----------------------------+-----
Long Blades    | 3 4 5 6 7 8 9 10 | 10.0
Armour         | 4 5 6 8 9 |  9.7
Dodging        | 1 4 |  4.9
Fighting       | |  3.6
Shields        | |  3.6

Action                   |  1- 3 |  4- 6 |  7- 9 || total
-------------------------+-------+-------+-------++-------
Melee: Long sword        |   165 |    96 |   178 ||   439
       Headbutt          |    34 |    17 |    58 ||   109
       Scimitar          |       |       |   102 ||   102
  Use: Potion            |       |     1 |     8 ||     9
       Scroll            |       |       |     5 ||     5
 Stab: Invisible         |       |       |     1 ||     1
  Eat: Chunk             |     2 |     6 |     7 ||    15
       Ration            |       |       |     1 ||     1
Armor: Scale mail        |    66 |    47 |    80 ||   193
Dodge: Dodged            |    34 |    36 |    70 ||   140
Block: Shield            |    58 |    51 |   125 ||   234
       Rpst.: Long sword |     5 |     6 |    11 ||    22
       Scimitar          |       |       |     6 ||     6
